 Dungeon Crawl Stone Soup version 0.27-a0-54-g64bdb92e38 (webtiles) character file.

Game seed: 12181497957712818763

1180 Morbidden the Chucker (level 8, 0/63 HPs)
             Began as a Vine Stalker Hunter on Jan 7, 2021.
             Slain by an ogre
             ... wielding a +0 giant club
              (7 damage)
             ... on level 5 of the Dungeon.
             The game lasted 00:11:32 (4268 turns).

Morbidden the Chucker (Vine Stalker Hunter)         Turns: 4268, Time: 00:11:32

Health: 0/63       AC: 24    Str: 14    XL:     8   Next: 42%
Magic:  0/13       EV:  2    Int: 18    God:
Gold:   207        SH:  0    Dex: 18    Spells: 9/12 levels left

rFire    . . .     SeeInvis .   a - +10 long sword "Zuobapet" {venom, *Noise Int+5 Dex+2}
rCold    . . .     Faith    .   (no shield)
rNeg     + + +     Spirit   +   (armour currently unavailable)
rPois    +         Reflect  .   (helmet currently unavailable)
rElec    .         Harm     .   (cloak currently unavailable)
rCorr    .         Rampage  .   (gloves currently unavailable)
Will     +....     NoTele   +   (boots currently unavailable)
Stlth    ++........             (no amulet)
HPRegen  0.60/turn              (no ring)
MPRegen  0.13/turn              (no ring)

@: tree-form
A: regeneration 1, magic shield, no potion heal 3
a: no special abilities


You were on level 5 of the Dungeon.
You were a tree.
You visited 1 branch of the dungeon, and saw 5 of its levels.
You also visited: Sewer.

You collected 207 gold pieces.

Inventory:

Hand Weapons
 a - the +10 long sword "Zuobapet" (weapon) {venom, *Noise Int+5 Dex+2}
   (You found it on level 4 of the Dungeon)

   It poisons the flesh of those it strikes.
   It affects your intelligence (+5).
   It affects your dexterity (+2).
   It may make noises in combat.
 b - a +2 hunting sling of freezing
 e - a +0 short sword
Missiles
 c - 6 javelins
 d - 2 throwing nets
 f - 93 stones
 i - 44 sling bullets
 o - 8 boomerangs
 v - 7 poisoned darts (quivered)
Armour
 y - a +2 helmet (melded)
 z - a +0 pair of gloves (melded)
 B - a +1 leather armour of willpower (melded)
Jewellery
 h - a cursed ring of teleportation {unknown}
 A - an uncursed ring of fire
Scrolls
 g - 4 scrolls of teleportation
 k - 3 scrolls of identify
 l - a scroll of fog
 r - 2 scrolls of enchant armour
 s - a scroll of amnesia
Potions
 j - 2 potions of flight {unknown}
 m - a potion of lignification
 w - a potion of mutation {unknown}
 x - a potion of cancellation {unknown}
Miscellaneous
 n - a tin of tremorstones (2/2)


   Skills:
 * Level 3.8 Fighting
 * Level 3.5 Long Blades
 + Level 4.1(5.0) Slings
 + Level 4.3(5.1) Throwing
 + Level 1.8 Armour
 * Level 2.8 Dodging
 + Level 1.3 Stealth
 * Level 2.8 Spellcasting
 * Level 2.4 Necromancy


You had 9 spell levels left.
You knew the following spells:

 Your Spells              Type           Power        Failure   Level
a - Vampiric Draining     Necr           5%           19%         3

Your spell library contained the following spells:

 Spells                   Type           Power        Failure   Level
 Animate Skeleton         Necr           22%          6%          1
 Pain                     Necr           44%          6%          1
 Confusing Touch          Hex            2%           45%         3
 Gell's Gravitas          Tloc           1%           45%         3
 Animate Dead             Necr           5%           52%         4
 Petrify                  Tmut/Erth      2%           86%         4
 Agony                    Necr           11%          86%         5
 Metabolic Englaciation   Hex/Ice        1%           99%         5
 Yara's Violent Unravell  Hex/Tmut       1%           99%         5


Dungeon Overview and Level Annotations

Branches:
Dungeon (5/15)              Sewer (visited)
 Temple: D:4-7

Altars:
Zin

Shops:
D:5 (


Innate Abilities, Weirdness & Mutations

((You have razor-sharp teeth.))
Your natural rate of healing is unusually fast.
When hurt, damage is shared between your health and your magic reserves.
((Your bite disrupts and absorbs the magic of your enemies.))
Potions cannot restore your health.


Message History

Unknown command.
Okay, then.
Okay, then.
Okay, then.
Okay, then.
Unknown command.
Really quaff the potion of lignification?
You turn into a tree.
Your +2 helmet melds into your body.
Your +0 pair of gloves melds into your body.
Your +1 leather armour of willpower melds into your body.
You feel less strong-willed.
Your roots penetrate the ground.
The ogre hits you with a +0 giant club!
* * * LOW HITPOINT WARNING * * *
Unknown command.
Unknown command.
Unknown command.
You slash the ogre!
The ogre is poisoned.
The ogre is heavily wounded.
The ogre hits you with a +0 giant club!
You die...

# ######### # .##
#... ...#.##
#.#####.####.....##
.........†........#
#.#####.####.....##
.## ############# ##
##.≈≈≈≈≈≈≈≈≈.## #
#..≈≈≈≈.≈≈≈≈..# #
#..≈≈≈≈≈≈≈≈≈♣.##
#####.###########OO#
......# #.##.#
#.##.....# #.#B#
..##.....# #..#
#........# #.#.#
..##.....# #B##.#
..##.....# ... ..#
.....##### #.. ...


You could see 2 ogres and a giant cockroach.

Vanquished Creatures
  Grinder (D:4)
  Sigmund (D:4)
  Purgy (D:4)
  An ogre (D:5)
  A bullfrog (Sewer)
  A centaur zombie (D:5)
  A quasit (D:4)
  3 orc priests
  A hound (D:4)
  A centaur skeleton (D:5)
  An orc wizard (D:3)
  3 worker ants
  Robin (D:4)
  8 gnolls
  7 adders
  An adder skeleton (D:5)
  A worm (D:4)
  3 dart slugs
  15 leopard geckos
  12 orcs
  6 bats
  7 giant cockroaches
  10 hobgoblins
  5 kobolds
  2 quokkas (D:2)
  5 ball pythons
  11 frilled lizards
  13 goblins
  2 leopard gecko skeletons (D:4)
  A quokka zombie (D:5)
  6 rats
132 creatures vanquished.

Notes
Turn   | Place    | Note
-------+----------+-------------------------------------------
     0 | D:1      | Morbidden the Vine Stalker Hunter began the quest for the
                  | Orb.
     0 | D:1      | Reached XP level 1. HP: 11/11 MP: 2/2
   246 | D:1      | Reached XP level 2. HP: 15/15 MP: 3/3
   582 | D:2      | Reached skill level 1 in Spellcasting
   613 | D:2      | Found a glowing silver altar of Zin.
   629 | D:2      | Reached XP level 3. HP: 18/18 MP: 5/5
   925 | D:2      | Reached skill level 1 in Slings
  1171 | D:2      | Gained mutation: Your natural rate of healing is unusually
                  | fast. [Vine Stalker growth]
  1171 | D:2      | Reached XP level 4. HP: 12/23 MP: 3/6
  1922 | D:3      | Found a faded altar of an unknown god.
  2046 | D:3      | Reached XP level 5. HP: 25/26 MP: 5/7
  2357 | D:3      | Learned a level 3 spell: Vampiric Draining
  2838 | D:4      | Noticed Sigmund
  2929 | D:4      | Noticed Grinder
  2963 | D:4      | Killed Grinder
  2964 | D:4      | Reached skill level 1 in Armour
  2964 | D:4      | Reached skill level 1 in Necromancy
  2964 | D:4      | Reached XP level 6. HP: 27/32 MP: 6/10
  3022 | D:4      | Got an iridescent long sword
  3027 | D:4      | Identified the +10 long sword "Zuobapet" {venom, *Noise
                  | Int+5 Dex+2} (You found it on level 4 of the Dungeon)
  3067 | D:4      | Noticed Robin
  3072 | D:4      | Noticed Purgy
  3081 | D:4      | Killed Robin
  3085 | D:4      | Killed Purgy
  3086 | D:4      | Reached XP level 7. HP: 16/35 MP: 7/11
  3280 | D:4      | Killed Sigmund
  3281 | D:4      | Reached skill level 1 in Long Blades
  3609 | D:5      | Entered Level 5 of the Dungeon
  3663 | D:5      | Gained mutation: You have razor-sharp teeth. [Vine Stalker
                  | growth]
  3663 | D:5      | Reached XP level 8. HP: 38/40 MP: 10/13
  3736 | D:5      | Found Leimaqid's Weapon Shoppe.
  3843 | D:5      | Found a glowing drain.
  3852 | Sewer    | Entered a sewer
  4268 | D:5      | Slain by an ogre

Illustrated notes

Levels and vault maps discovered:
D:1:      dpeg_arrival_arbitrary_c, layout_basic, minmay_surrounded
D:2:      minmay_door_path, layout_basic, zin_academy
D:3:      layout_loops_corners, chequers_ecumenical_altar_simple,
          chequers_serial_rivers_micro_e
D:4:      layout_loops_cross, uniq_grinder, uniq_sigmund, uniq_robin, uniq_purgy
D:5:      layout_loops_cross, portal_sewer_entry_f, serial_shops, shop,
          abandoned_shop

Skill      XL: |  1  2  3  4  5  6  7  8 |
---------------+-------------------------+-----
Throwing       | 4 |  4.3
Spellcasting   | 1 2 |  2.8
Slings         | 1 2 3 4 |  4.1
Fighting       | 2 3 |  3.8
Dodging        | 2 |  2.8
Armour         | 1 |  1.8
Necromancy     | 1 2 |  2.4
Long Blades    | 2 3 |  3.5
Stealth        | |  1.3

Action                   |  1- 3 |  4- 6 |  7- 9 || total
-------------------------+-------+-------+-------++-------
Melee: Short sword       |     1 |    18 |       ||    19
       Bite              |       |    11 |    26 ||    37
       Long sword        |       |    22 |    99 ||   121
 Fire: Hunting sling     |    66 |   110 |     5 ||   181
Throw: Dart              |       |     2 |     4 ||     6
       Throwing net      |       |     1 |       ||     1
  Use: Potion            |       |     4 |     1 ||     5
       Scroll            |       |     3 |     7 ||    10
Armor: Leather armour    |     4 |    24 |    39 ||    67
       Skin              |       |     8 |       ||     8
Dodge: Dodged            |     7 |    33 |    92 ||   132
       Rpst.: Long sword |       |     5 |    21 ||    26

Table legend: (Time is in decaauts)
 A = Elapsed time spent in this place.
 B = Non-inter-level travel time spent in this place.
 C = Inter-level travel time spent in this place.
 D = Time resting spent in this place.
 E = Time spent auto-exploring this place.
 F = Levels seen in this place.
 G = Mean time per level.
                   A        B        C        D        E       F      G
               +--------+--------+--------+--------+--------+-----+--------+
         Total |   4396 |   4163 |    233 |    199 |   2846 |   6 |  732.7 |
       Dungeon |   3904 |   3671 |    233 |    199 |   2567 |   5 |  780.8 |
         Sewer |    491 |    491 |      0 |      0 |    278 |   1 |  491.0 |
               +--------+--------+--------+--------+--------+-----+--------+

Top non-repeatable levels by time:
     D:3: 1186 daAuts
     D:2: 1046 daAuts
     D:4: 821 daAuts
     D:1: 577 daAuts
   Sewer: 491 daAuts
     D:5: 273 daAuts
